 Dungeon Sprint DCSS version 0.14-a0-3194-g0089908 (webtiles) character file.

198 Froboctopus the Conjurer (level 5, -3/38 HPs)
             Began as a Lava Orc Fire Elementalist on Mar 11, 2014.
             Was an Elder of Vehumet.
             Shot with an arrow of frost by a centaur (21 damage)
             ... in the Dungeon (Sprint VII: "The Pits").
             The game lasted 00:02:19 (809 turns).

Froboctopus the Conjurer (LOFE)                      Turns: 809, Time: 00:02:19

HP  -3/38        AC  2     Str 11      XL: 5   Next: 47%
MP   7/13        EV 12     Int 16      God: Vehumet [****..]
Gold 0           SH  0     Dex 11      Spells:  3 memorised,  5 levels left

rFire  + + +     SeeInvis .     q - staff of energy
rCold  x . .     Clarity  .     a - +0 robe
rNeg   . . .     Conserve .     (no shield)
rPois  .         rCorr    .     (no helmet)
rElec  .         rRot     .     (no cloak)
SustAb . .       Spirit   .     (no gloves)
rMut   .         Warding  .     (no boots)
Saprov + . .     NoTele   +     (no amulet)
MR     .....                    (no ring)
                                (no ring)

@: not resistant to hostile enchantments, unstealthy
A: conserve scrolls, saprovore 1
a: Renounce Religion


You were in the Dungeon.
You worshipped Vehumet.
Vehumet was greatly pleased with you.
You were not hungry.

You visited 1 branch

Inventory:

Armour
 a - a +0 robe (worn)
Comestibles
 c - 8 meat rations
 j - 40 strawberries
 k - 7 bread rations
 r - 2 chunks of jackal flesh
Scrolls
 i - a scroll of blinking
 m - 2 scrolls of vulnerability
 n - 3 scrolls of remove curse
 o - 5 scrolls of amnesia
 p - a scroll of summoning
Potions
 d - 5 potions of curing
 e - 6 potions of heal wounds
 f - a potion of speed
 g - 4 potions of magic
 h - 3 potions of berserk rage
 l - 2 potions of invisibility
Books
 b - a book of Flames

   Spells                             Type                      Level
   *Flame Tongue                      Conjuration/Fire             1
   Throw Flame                        Conjuration/Fire             2
   *Conjure Flame                     Conjuration/Fire             3
   Inner Flame                        Hexes/Fire                   3
   *Sticky Flame                      Conjuration/Fire             4
   Fireball                           Conjuration/Fire             5
Magical staves
 q - an uncursed staff of energy (weapon)


   Skills:
 - Level 1.5 Dodging
 - Level 1.5 Stealth
 + Level 4.5 Spellcasting
 * Level 8.1 Conjurations
 + Level 7.8 Fire Magic


You had 5 spell levels left.
You knew the following spells:

 Your Spells              Type           Power        Failure   Level  Hunger
a - Flame Tongue          Conj/Fire      #####        1%          1    None
b - Conjure Flame         Conj/Fire      ######..     1%          3    None
c - Sticky Flame          Conj/Fire      ######..     2%          4    None


Dungeon Overview and Level Annotations

Branches:
Dungeon (1/1)

Altars:
Ashenzari
Cheibriados
Dithmenos
Elyvilon
Fedhas
Kikubaaqudgha
Makhleb
Nemelex Xobeh
Okawaru
Sif Muna
Trog
Vehumet
Xom
Yredelemnul
Zin
The Shining One
Beogh
Jiyva
Lugonu


Innate Abilities, Weirdness & Mutations

You have stony skin.
Your flesh is almost immune to the effects of heat.
Your fire spells are more powerful.
Your flesh is vulnerable to cold.
Your heat harms attackers.
You bathe your surroundings in blazing heat.
You are too hot to use scrolls.
You are very good at protecting items from fire.
You can tolerate rotten meat.


Message History

The hound misses you.
The hound is burned by your radiant heat.
The hound is almost dead.
The hound closely misses you.
Unknown command.
Casting: Flame Tongue
Confirm with . or Enter, or press ? or * to list all spells.
Aiming: Flame Tongue
Press: ? - help, Shift-Dir - straight line, f/p - centaur
Aim: a centaur, wielding a bow (severely wounded)
You feel a strong surge of power!
The flame hits the hound.
You kill the hound!
Vehumet accepts your kill.
You feel your power returning.
Your Conjurations skill increases to level 8!
The centaur shoots an arrow of frost.
The arrow of frost hits you!
You feel a terrible chill!
One of your 6 potions of curing freezes and shatters!
Ouch! That really hurt!
You die...

############
#__________#
#_____.____#
#######'##########
#.))).'.'..##.....
#.))).#.#.(##.....
#######'#####.....
#...........'.....
#@#####%#####.....
#.#..#.)#..##.....
#c#..%..'..#####'#
#g##'####'###.....
#l#........##.....
#.#........##.....
#.#####'#####...<.
#(#..[)))..##.....
#.#..[)))..##.....


You could see a centaur, a gnoll and a giant gecko.

Vanquished Creatures
  3 wights (D)
  A hound (D)
  2 gnolls (D)
  3 giant mites (D)
  A giant gecko (D)
  An ooze (D)
  3 jackals (D)
  A quokka (D)
  A bat (D)
  A kobold skeleton (D)
17 creatures vanquished.

Notes
Turn   | Place    | Note
--------------------------------------------------------------
     0 | D        | Froboctopus, the Lava Orc Fire Elementalist, began the quest for the Orb.
     0 | D        | Reached XP level 1. HP: 14/14 MP: 2/2
    17 | D        | Reached skill level 4 in Fire Magic
    48 | D        | Found a shadowy altar of Dithmenos.
    48 | D        | Found a basalt altar of Yredelemnul.
    48 | D        | Found a glowing golden altar of the Shining One.
    48 | D        | Found a deep blue altar of Sif Muna.
    48 | D        | Found a burning altar of Makhleb.
    48 | D        | Found an ancient bone altar of Kikubaaqudgha.
    48 | D        | Found a glowing silver altar of Zin.
    49 | D        | Found a bloodstained altar of Trog.
    49 | D        | Found a shattered altar of Ashenzari.
    49 | D        | Found a white marble altar of Elyvilon.
    49 | D        | Found a snail-covered altar of Cheibriados.
    49 | D        | Found a blossoming altar of Fedhas.
    49 | D        | Found a radiant altar of Vehumet.
    49 | D        | Found a shimmering altar of Xom.
    49 | D        | Found a sparkling altar of Nemelex Xobeh.
    49 | D        | Found a corrupted altar of Lugonu.
    49 | D        | Found a viscous altar of Jiyva.
    49 | D        | Found a roughly hewn altar of Beogh.
    49 | D        | Found an iron altar of Okawaru.
    56 | D        | Became a worshipper of Vehumet
    74 | D        | Reached XP level 2. HP: 18/20 MP: 0/4
   271 | D        | Acquired Vehumet's first power
   271 | D        | Offered knowledge of Sting by Vehumet.
   271 | D        | Reached skill level 5 in Fire Magic
   409 | D        | Reached XP level 3. HP: 26/26 MP: 0/6
   468 | D        | Learned a level 3 spell: Conjure Flame
   469 | D        | Noticed a wight
   469 | D        | Noticed a wight
   477 | D        | Killed a wight
   477 | D        | Offered knowledge of Throw Frost by Vehumet.
   477 | D        | Reached skill level 5 in Conjurations
   477 | D        | Reached skill level 6 in Fire Magic
   477 | D        | Reached XP level 4. HP: 30/33 MP: 0/9
   490 | D        | Killed a wight
   596 | D        | Noticed a wight
   616 | D        | Killed a wight
   616 | D        | Reached skill level 7 in Conjurations
   616 | D        | Reached XP level 5. HP: 25/38 MP: 9/13
   634 | D        | Acquired Vehumet's second power
   654 | D        | Offered knowledge of Static Discharge by Vehumet.
   775 | D        | Learned a level 4 spell: Sticky Flame
   789 | D        | Noticed a hound
   791 | D        | Noticed a centaur
   807 | D        | Acquired Vehumet's third power
   809 | D        | Killed a hound
   809 | D        | Reached skill level 8 in Conjurations
   809 | D        | Shot with an arrow of frost by a centaur

Action                   |  1- 3 |  4- 6 || total
-------------------------+-------+-------++-------
Melee: Unarmed           |     7 |       ||     7
       Staff             |    10 |     6 ||    16
 Cast: Flame Tongue      |    16 |    17 ||    33
       Conjure Flame     |     1 |     1 ||     2
